 Dungeon Crawl Stone Soup version 0.18-a0-1745-gffa9a88 (webtiles) character file.

5873 Keker the Basher (level 10, -12/46 HPs)
             Began as a Gargoyle Fighter on Apr 11, 2016.
             Was an Initiate of Lugonu.
             Killed from afar by a deep elf knight (34 damage)
             ... with a stone arrow
             ... created by the fury of Okawaru
             ... on level 10 of the Dungeon.
             The game lasted 00:34:42 (7409 turns).

Keker the Basher (Gargoyle Fighter)                 Turns: 7409, Time: 00:34:43

Health: -12/46     AC: 19    Str: 22 (23) XL:     10   Next: 81%
Magic:  7/7        EV:  8    Int:  9      God:    Lugonu [......]
Gold:   403        SH:  0    Dex:  5      Spells: 0 memorised, 9 levels left

rFire  + . .     SeeInvis +     E - +3 dire flail (crush)
rCold  . . .     Gourm    .     F - +2 chain mail {rF+}
rNeg   + . .     Faith    .     (shield currently unavailable)
rPois  ∞         Spirit   .     N - +0 helmet
rElec  +         Dismiss  .     D - +0 cloak
rCorr  .         Reflect  .     (no gloves)
SustAt .         Harm     .     (no boots)
MR     .....                    s - amulet of regeneration
Stlth  ..........               G - ring of see invisible
                                l - +4 ring of strength

@: not resistant to hostile enchantments, extremely unstealthy
A: clumsy 2, deformed body, deterioration 2, frail 3, low mp 3, negative energy
resistance 1, screaming 2, electricity resistance, weak 2, unbreathing,
petrification resistance, rot immunity, AC +7
a: Renounce Religion


You were on level 10 of the Dungeon.
You worshipped Lugonu.
Lugonu was noncommittal.
You were not hungry.

You visited 2 branches of the dungeon, and saw 11 of its levels.
You visited the Abyss 1 time.

You collected 403 gold pieces.

Inventory:

Hand Weapons
 a - a +0 flail
 E - a +3 dire flail of crushing (weapon)
Missiles
 A - 6 poisoned javelins (quivered)
Armour
 D - a +0 cloak (worn)
 F - a +2 chain mail of fire resistance (worn)
 M - a +0 plate armour
 N - a +0 helmet (worn)
 Q - a +0 shield
Jewellery
 l - a +4 ring of strength (left hand)
 s - an amulet of regeneration (around neck)
 G - a ring of see invisible (right hand)
Wands
 x - a wand of flame (26/48)
 J - a wand of digging (12/24)
 O - a wand of disintegration (11/24)
Scrolls
 e - 2 scrolls of amnesia
 h - 2 scrolls of random uselessness
 k - 5 scrolls of remove curse
 n - a scroll of enchant weapon {unknown}
 o - a scroll of fear
 t - a scroll of noise {unknown}
 v - a scroll of immolation
 y - 2 scrolls of identify
 H - a scroll of magic mapping {unknown}
 K - 3 scrolls of vulnerability
 R - a scroll of blinking {unknown}
 S - a scroll of recharging {unknown}
Potions
 c - a potion of berserk rage {unknown}
 d - 4 potions of might
 m - 2 potions of cancellation {unknown}
 p - 4 potions of curing
 r - 2 potions of ambrosia {unknown}
 u - 2 potions of invisibility {unknown}
 w - 2 potions of mutation {unknown}
 z - a potion of cure mutation {unknown}
 C - a potion of beneficial mutation {unknown}
 I - 3 potions of lignification
Books
 q - a book of Callings

   Spells                             Type                      Level
   a - Summon Small Mammal            Summoning                    1
   b - Call Imp                       Summoning                    2
   c - Call Canine Familiar           Summoning                    3
   d - Summon Guardian Golem          Hexes/Summoning              3
   e - Summon Lightning Spire         Summoning/Air                4
   f - Summon Ice Beast               Ice/Summoning                4
 T - a book of the Earth

   Spells                             Type                      Level
   a - Leda's Liquefaction            Hexes/Earth                  4
   b - Bolt of Magma                  Conjuration/Fire/Earth       5
   c - Statue Form                    Transmutation/Earth          6
   d - Iron Shot                      Conjuration/Earth            6
   e - Shatter                        Earth                        9
Comestibles
 b - 2 slices of pizza
 f - 9 bread rations
 g - 9 fruits
 i - 2 beef jerkies
 j - 7 meat rations


   Skills:
 + Level 9.2 Fighting
 * Level 11.4 Maces & Flails
 + Level 9.3 Armour
 - Level 3.3 Shields


You had 9 spell levels left.
You didn't know any spells.

Dungeon Overview and Level Annotations

Branches:
Dungeon (10/15)            Temple (1/1) D:4             Orc (0/2) D:10
   Lair: D:8-11

Altars:
Ashenzari
Dithmenos
Elyvilon
Gozag
Kikubaaqudgha
Nemelex Xobeh
Okawaru
Pakellas
Qazlal
Ru
Trog
Xom
Yredelemnul
Zin
The Shining One

Portals:
Trove: D:10 (give 7 potions of haste)

Annotations:
D:6 1 runed door


Innate Abilities, Weirdness & Mutations

You are resistant to torment.
Your stone body is resilient (AC +7).
You are immune to poison.
You resist negative energy.
You are resistant to electric shocks.
You can survive without breathing.
You are immune to petrification.
You are immune to rotting.
[You are very clumsy. (Dex -4)]
[Armour fits poorly on your strangely shaped body.]
[Your body often deteriorates upon taking damage.]
[You are extremely frail (-30% HP).]
[Your magical capacity is extremely low (-30% MP).]
[You sometimes yell uncontrollably at your foes.]
[You are very weak. (Str -4)]


Message History

The merfolk shouts! x3; The orc warrior shouts!
The orc priest shouts!
The orc warrior shouts!
The deep elf knight shouts!
The deep elf mage shouts!
The deep elf knight shouts!
You barely miss the deep elf knight. You miss the deep elf knight.
The deep elf knight hits you but does no damage.
The deep elf archer casts a spell at you.
You resist with significant effort.
The merfolk javelineer hits you but does no damage.
You completely miss the deep elf knight.
The deep elf archer unwields an uncursed dagger.
The deep elf archer wields a shortbow.
The deep elf archer shoots an arrow.
The arrow hits you.
The arrow disappears in a puff of smoke!
The merfolk javelineer hits you from afar with a spear of flaming.
The merfolk hits you from afar with a trident of piercing.
The deep elf knight points at you and mumbles some strange words.
The stone arrow hits you!
Ouch! That really hurt!
You die...

# #............# #
#............# #
#............# #
#............# #
#............# #
#........omm.# #
#........o.mm# #
#........ooo.# #
#........oe@.# #
#........eee.#
######............#
..................#
###################


You could see a merfolk javelineer, an orc knight, 3 merfolk, a deep elf archer,
2 deep elf knights, a deep elf mage, 2 orc warriors, an orc priest and 2 orcs.

Vanquished Creatures
  A deep elf mage (D:9)
  Psyche (D:10)
  2 blink frogs (Abyss:1)
  Sigmund (D:3)
  A spriggan (D:7)
  A hippogriff (D:9)
  Grum (D:10)
  Edmund (D:5)
  2 hungry ghosts (D:10)
  A soldier ant (D:6)
  Duvessa (D:4)
  A water moccasin (D:6)
  A wasp (D:8)
  An orc warrior (D:3)
  3 phantoms
  An eye of draining (Abyss:1)
  2 ice beasts
  2 black bears
  An ogre (D:9)
  4 wolves (D:10)
  5 centaurs
  A gnoll sergeant (D:9)
  A giant frog (D:8)
  A wyvern skeleton (D:7)
  A water moccasin zombie (D:5)
  Dowan (D:4)
  4 scorpions
  A killer bee (D:6)
  A wight (D:5)
  A howler monkey (D:6)
  3 crimson imps (D:7)
  A quasit (D:10)
  A wasp zombie (D:7)
  2 centaur zombies (D:9)
  An orc priest (D:10)
  6 hounds
  An iguana (D:4)
  A centaur skeleton (D:6)
  A giant frog skeleton (D:10)
  5 orc wizards
  10 worker ants
  4 ogre zombies (D:10)
  2 hound zombies
  A hound skeleton (D:9)
  9 adders
  8 gnolls
  2 shadow imps
  An ooze (D:7)
  An adder skeleton (D:5)
  3 worms
  5 giant geckos
  11 orcs
  5 bats
  10 giant cockroaches
  8 goblins
  6 hobgoblins
  2 jackals (D:2)
  6 kobolds
  2 giant newts
  A jackal skeleton (D:7)
  An orc skeleton (D:10)
  6 orc zombies (D:10)
  A quokka skeleton (D:5)
  7 rats
180 creatures vanquished.

Vanquished Creatures (others)
  4 starspawn tentacles (Abyss:1)
  159 starspawn tentacle segments (Abyss:1)
163 creatures vanquished.

Grand Total: 343 creatures vanquished

Notes
Turn   | Place    | Note
--------------------------------------------------------------
     0 | D:1      | Keker the Gargoyle Fighter began the quest for the Orb.
     0 | D:1      | Reached XP level 1. HP: 14/14 MP: 1/1
   149 | D:1      | Reached XP level 2. HP: 16/19 MP: 2/2
   700 | D:2      | Reached XP level 3. HP: 20/24 MP: 3/3
   831 | D:2      | Reached skill level 3 in Maces & Flails
   977 | D:2      | Found a stormy altar of Qazlal.
   979 | D:2      | Noticed an earth elemental
   980 | D:2      | Noticed a fire elemental
   980 | D:2      | Noticed an air elemental
   980 | D:2      | Noticed a water elemental
  1109 | D:2      | Reached XP level 4. HP: 29/29 MP: 4/4
  1292 | D:3      | Noticed Sigmund
  1318 | D:3      | Killed Sigmund
  1318 | D:3      | Reached skill level 4 in Maces & Flails
  1318 | D:3      | Reached XP level 5. HP: 3/34 MP: 5/5
  1318 | D:3      | Reached XP level 6. HP: 3/39 MP: 6/6
  1909 | D:3      | Noticed an orc warrior
  2290 | D:4      | Noticed Duvessa
  2294 | D:4      | Noticed Dowan
  2316 | D:4      | Killed Duvessa
  2316 | D:4      | Reached skill level 5 in Fighting
  2316 | D:4      | Reached skill level 5 in Maces & Flails
  2316 | D:4      | Reached skill level 5 in Armour
  2316 | D:4      | Reached XP level 7. HP: 37/44 MP: 7/7
  2342 | D:4      | Killed Dowan
  2506 | D:4      | Got a bloodstained leather armour
  2630 | D:4      | Found a staircase to the Ecumenical Temple.
  2644 | Temple   | Entered the Ecumenical Temple
  2679 | Temple   | Became a worshipper of Warmaster Okawaru
  2719 | D:4      | Found an opulent altar of Gozag.
  2928 | D:5      | Entered Level 5 of the Dungeon
  3133 | D:5      | Reached skill level 6 in Maces & Flails
  3385 | D:5      | Noticed Edmund
  3412 | D:5      | Killed Edmund
  3412 | D:5      | Reached XP level 8. HP: 28/51 MP: 8/8
  3572 | D:6      | Reached * piety under Okawaru
  3591 | D:6      | Reached skill level 7 in Maces & Flails
  3652 | D:6      | Found a runed door.
  3655 | D:6      | Found a runed door.
  3691 | D:6      | Reached ** piety under Okawaru
  3691 | D:6      | Reached skill level 8 in Maces & Flails
  4006 | D:6      | Reached XP level 9. HP: 54/56 MP: 9/9
  4563 | D:7      | Reached skill level 9 in Maces & Flails
  4814 | D:3      | Reached *** piety under Okawaru
  5613 | D:9      | Reached skill level 10 in Maces & Flails
  5613 | D:9      | Reached XP level 10. HP: 61/64 MP: 10/10
  5739 | D:9      | Found a glowing golden altar of the Shining One.
  5739 | D:9      | Noticed a deep elf mage
  5763 | D:9      | Killed a deep elf mage
  5763 | D:9      | Reached **** piety under Okawaru
  6026 | D:9      | Got a fine leather armour
  6705 | D:10     | Entered Level 10 of the Dungeon
  6707 | D:10     | Found a portal to a secret trove of treasure.
  6757 | D:10     | Found a staircase to the Orcish Mines.
  6758 | D:10     | Noticed Psyche
  6861 | D:10     | Noticed Grum
  6902 | D:10     | Killed Grum
  7061 | D:10     | Reached skill level 11 in Maces & Flails
  7223 | D:10     | Cast into level 1 of the Abyss (Psyche)
  7306 | Abyss:1  | Received a gift from Okawaru
  7309 | Abyss:1  | Reached ***** piety under Okawaru
  7320 | Abyss:1  | Noticed a wretched star
  7327 | Abyss:1  | Noticed an orange demon
  7337 | Abyss:1  | Noticed a tentacled starspawn
  7338 | Abyss:1  | Noticed a blizzard demon
  7347 | Abyss:1  | Noticed a smoke demon
  7356 | Abyss:1  | Found a corrupted altar of Lugonu.
  7363 | Abyss:1  | Fell from the grace of Okawaru
  7363 | Abyss:1  | Became a worshipper of Lugonu the Unformed
  7363 | Abyss:1  | Reached * piety under Lugonu
  7364 | D:10     | Escaped the Abyss
  7370 | D:10     | Killed Psyche
  7406 | D:10     | Noticed a merfolk javelineer
  7406 | D:10     | Noticed an orc knight
  7406 | D:10     | Noticed a deep elf archer
  7406 | D:10     | Noticed a deep elf knight
  7406 | D:10     | Noticed a deep elf mage
  7406 | D:10     | Noticed a deep elf knight
  7409 | D:10     | Killed from afar by a deep elf knight

Vault maps used:
D:1:      evilmike_arrival_rings
D:2:      nicolae_qazlal_style_of_elements, first_bread
D:3:      minmay_misc_feat_square, st_stairs_14, lightli_corner_chamber,
          uniq_sigmund
D:4:      nicolae_overflow_crystal_walls, minmay_temple_entry_trees,
          uniq_duvessa
D:5:      serial_park_tiny_2, kb_lookout_dungeons_type, uniq_edmund
D:6:      lemuel_insect_pit
D:7:      the_bakery
D:9:      david_defended_altar_elf
D:10:     zombieorc1_lemuel, enter_trove_2, uniq_psyche, uniq_grum
Temple:   grunt_circular_temple_18

Skill      XL: |  1  2  3  4  5  6  7  8  9 10 |
---------------+-------------------------------+-----
Maces & Flails | 3 4 5 6 8 10 11 | 11.4
Fighting       | 4 5 6 8 9 |  9.2
Armour         | 4 5 6 8 9 |  9.3
Shields        | |  3.3

Action                   |  1- 3 |  4- 6 |  7- 9 | 10-12 || total
-------------------------+-------+-------+-------+-------++-------
Melee: Flail             |   117 |   101 |   104 |       ||   322
       Dire flail        |       |       |   275 |   205 ||   480
Throw: Javelin           |       |       |     2 |       ||     2
Invok: Depart the Abyss  |       |       |       |     1 ||     1
Evoke: Wand              |       |       |     1 |       ||     1
  Use: Scroll            |       |       |       |     9 ||     9
       Potion            |       |       |       |     4 ||     4
  Eat: Chunk             |     1 |     4 |    10 |     8 ||    23
       Royal jelly       |       |       |       |     2 ||     2
